cohdb
Replays
Latest Replays
All Replays
Popular Replays
Top Player Replays
Match Explorer
How It Works
Community
CoH3 Stats
Reddit
Sign in to upload your games and track your stats! →
Sign in with Steam
Match 39330969
Unlisted
Match 39330969
Overview
Messages
Build Orders
End
Royal Engineer Section
Construct Section Command Post
Infantry Section
Infantry Section
Grenade Package
Infantry Section
Construct Platoon Command Post
Construct Field Infirmary
Selects Indian Artillery Battlegroup
Selects Valour
Humber Armored Car
Selects Gurkha Rifles Section
Humber Armored Car
6-pounder Anti-tank Gun Team
6-pounder Anti-tank Gun Team
Vickers Machine Gun Team
Construct Company Command Post
Selects Volunteer Infantry
Crusader II Medium Tank
Crusader II Medium Tank
BIOHAZARD
HEIMI
0
0
Comments
sign in to comment!
No comments posted yet!